Description

This build order start like a standard StarGate Opening in PvZ. As soon as you have your first oracle, you switch to an adept all-in using a proxy gateway.

The stargate will force a queen/gling opening which will be great against your adept all-in !

This replay comes from a Tournament: MaNa vs Elazer.

VOD

https://youtu.be/9dtys-inxOc

Replay - AGOElazer v LiquidMaNa - Eternal Empire LE

Build Order

Get SALT Encoding   

  12  0:00  Probe  
  13  0:12  Probe  
  14  0:17  Pylon  
  14  0:24  Probe  
  15  0:36  Probe (Chrono Boost)  
  15  0:40  Gateway  
  16  0:46  Probe x2 (Chrono Boost)  
  17  0:50  Assimilator  
  18  1:03  Probe (Chrono Boost)  
  19  1:13  Probe (Chrono Boost)  
  20  1:28  Nexus  
  20  1:39  Cybernetics Core  
  20  1:41  Probe  
  21  1:48  Assimilator  
  21  1:54  Probe  
  22  1:58  Pylon  
  23  2:14  Adept (Chrono Boost)  
  23  2:17  Warp Gate  
  26  2:28  Stargate  
  26  2:36  Stalker  
  33  3:10  Oracle (Chrono Boost)  
  40  3:20  Gateway  
  40  3:25  Twilight Council  
  42  3:47  Oracle (Chrono Boost)  
  44  3:52  Pylon  
  46  3:58  Gateway x2  
  46  4:02  Resonating Glaives (Chrono Boost)  
  46  4:06  Pylon  
  46  4:17  Adept x2  
  46  4:24  Gateway  
  51  4:32  Nexus  
  51  4:38  Pylon  
  51  4:42  Adept x2  
  57  4:53  Adept x2  
  61  5:04  Adept x2  
  65  5:11  Shield Battery  
  65  5:14  Adept  
Spawning Tool Build Advisor. Get it on Overwolf

Go to:

Details

  • Created by: zuka      
  • Published on: May 11, 2020
  • Patch: 4.11.0
Show
View Real Time Build Order
Export as new Build Order

Comments (0)

There are no comments. Be the first!

Create an account to comment!